 Dungeon Crawl Stone Soup version 0.19.0-2-gae57169 (webtiles) character file.

95 Jerry the Magician (level 4, -5/24 HPs)
             Began as a Deep Elf Fire Elementalist on Nov 3, 2016.
             Slain by an iguana (12 damage)
             ... on level 3 of the Dungeon.
             The game lasted 00:08:37 (1631 turns).

Jerry the Magician (Deep Elf Fire Elementalist)     Turns: 1631, Time: 00:08:38

Health: -5/24      AC:  6    Str:  5    XL:     4   Next: 40%
Magic:  11/12      EV: 13    Int: 21    God:
Gold:   117        SH:  0    Dex: 15    Spells: 3 memorised, 5 levels left

rFire  . . .     SeeInvis .     i - +4 quarterstaff (chaos)
rCold  . . .     Gourm    .     a - +0 robe
rNeg   . . .     Faith    .     (shield currently unavailable)
rPois  .         Spirit   .     e - +0 helmet
rElec  .         Reflect  .     f - +1 cloak
rCorr  .         Harm     .     t - +0 pair of gloves
MR     .....                    (no boots)
Stlth  ++........               (no amulet)
                                (no ring)
                                (no ring)

@: no status effects
A: no striking features
a: no special abilities


You were on level 3 of the Dungeon.
You were not hungry.

You visited 1 branch of the dungeon, and saw 3 of its levels.

You collected 117 gold pieces.

Inventory:

Hand Weapons
 i - a +4 quarterstaff of chaos (weapon)
 n - a +0 hunting sling
Missiles
 o - 87 stones (quivered)
Armour
 a - a +0 robe (worn)
 e - a +0 helmet (worn)
 f - a +1 cloak (worn)
 t - a +0 pair of gloves (worn)
Wands
 h - a wand of random effects (9/48)
Scrolls
 d - 2 scrolls of fog {unknown}
 k - a scroll of blinking {unknown}
 p - a scroll of teleportation {unknown}
 r - a scroll of remove curse
 s - a scroll of fear {unknown}
Potions
 g - a potion of berserk rage
 j - a potion of lignification
 l - 2 potions of curing {unknown}
Books
 b - a book of Flames

   Spells                             Type                      Level
   a - Flame Tongue                   Conjuration/Fire             1
   b - Throw Flame                    Conjuration/Fire             2
   c - Conjure Flame                  Conjuration/Fire             3
   d - Inner Flame                    Hexes/Fire                   3
   e - Sticky Flame                   Conjuration/Fire             4
   f - Fireball                       Conjuration/Fire             5
Comestibles
 c - 2 bread rations
 m - a beef jerky
 q - 2 meat rations


   Skills:
 - Level 2.4 Dodging
 - Level 2.4 Stealth
 + Level 4.4 Spellcasting
 + Level 2.7 Conjurations
 + Level 4.2 Fire Magic


You had 5 spell levels left.
You knew the following spells:

 Your Spells              Type           Power        Failure   Level  Hunger
a - Flame Tongue          Conj/Fire      ###..        2%          1    None
b - Throw Flame           Conj/Fire      ###...       4%          2    #......
c - Conjure Flame         Conj/Fire      ###.....     10%         3    ##.....


Dungeon Overview and Level Annotations

Branches:
Dungeon (3/15)

Altars:
Xom
Zin


Message History

The iguana is lightly wounded.
The iguana bites you.
You barely miss the iguana.
The iguana is lightly wounded.
The iguana bites you. The iguana completely misses you.
You barely miss the iguana.
The iguana is lightly wounded.
The iguana bites you!
* * * LOW HITPOINT WARNING * * *
You are too injured to fight recklessly!
Casting: Flame Tongue
Confirm with . or Enter, or press ? or * to list all spells.
Aiming: Flame Tongue
Press: ? - help, Shift-Dir - straight line, f - iguana
Aim: an iguana (lightly wounded)
The flame tongue hits the iguana.
The iguana is heavily wounded.
The iguana bites you!
Ouch! That really hurt!
You die...

#.....# ##.....#
#.#......#
#........###
#...<...###
#####.#...#
#..##.###
#...#...#
#.......@#
#........l#
............
##.......#.....
#.......###.....
#.......# .....
######### ....
....


You could see an iguana.

Vanquished Creatures
  Crazy Yiuf (D:2)
  2 adders (D:2)
  2 dart slugs
  2 leopard geckos
  A ball python (D:2)
  A giant cockroach (D:2)
  5 goblins
  3 hobgoblins
  4 jackals (D:1)
  6 kobolds
  6 bats
  A frilled lizard (D:2)
  9 rats
  A fungus (D:2)
44 creatures vanquished.

Notes
Turn   | Place    | Note
-------+----------+-------------------------------------------
     0 | D:1      | Jerry the Deep Elf Fire Elementalist began the quest for the Orb.
     0 | D:1      | Reached XP level 1. HP: 10/10 MP: 6/6
   297 | D:1      | Reached XP level 2. HP: 15/15 MP: 2/8
   363 | D:1      | Learned a level 2 spell: Throw Flame
  1001 | D:2      | Reached XP level 3. HP: 19/19 MP: 8/10
  1006 | D:2      | Learned a level 3 spell: Conjure Flame
  1157 | D:2      | Found a runed door.
  1164 | D:2      | Noticed Crazy Yiuf
  1176 | D:2      | Killed Crazy Yiuf
  1176 | D:2      | Reached XP level 4. HP: 24/24 MP: 0/12
  1317 | D:2      | Noticed an angel
  1340 | D:2      | Found a glowing silver altar of Zin.
  1341 | D:2      | Found a shimmering altar of Xom.
  1631 | D:3      | Slain by an iguana

Skill      XL: |  1  2  3 |
---------------+----------+-----
Conjurations   | 2 |  2.7
Spellcasting   | 4 |  4.4
Fire Magic     | 4 |  4.2
Dodging        | |  2.4
Stealth        | |  2.4

Action                   |  1- 3 |  4- 6 || total
-------------------------+-------+-------++-------
Melee: Mace              |    21 |       ||    21
       Quarterstaff      |       |    22 ||    22
 Fire: Hunting sling     |     6 |       ||     6
 Cast: Flame Tongue      |    32 |     4 ||    36
       Throw Flame       |    17 |    10 ||    27
  Use: Scroll            |     4 |       ||     4
       Potion            |     1 |       ||     1
 Stab: Sleeping          |       |     5 ||     5
  Eat: Chunk             |     1 |     2 ||     3
Armor: Robe              |     5 |     6 ||    11
Dodge: Dodged            |    13 |     7 ||    20
